 Dungeon Crawl Stone Soup version 0.29.1-13-g9f3cf754e1 (webtiles) character file.

Game seed: 4937331986940160559

103 cheesebisquit the Ruffian (level 4, -3/38 HPs)
             Began as a Ghoul Monk on Jan 23, 2023.
             Slain by Natasha (8 damage)
             ... on level 2 of the Dungeon.
             The game lasted 00:06:01 (1772 turns).

cheesebisquit the Ruffian (Ghoul Monk)              Turns: 1772, Time: 00:06:01

Health: -3/38      AC:  2    Str: 16    XL:     4   Next: 79%
Magic:  3/3        EV: 12    Int:  5    God:
Gold:   128        SH:  0    Dex: 11    Spells: 3/3 levels left

rFire   . . .      SeeInvis .     - Unarmed
rCold   + . .      Faith    .   (no shield)
rNeg    + + +      Spirit   .   a - +0 robe
rPois   ∞          Reflect  .   (no helmet)
rElec   .          Harm     .   (no cloak)
rCorr   .          Rampage  .   (no gloves)
Will    .....                   (no boots)
Stlth   ++........              (no amulet)
HPRegen 0.00/turn               (no ring)
MPRegen 0.08/turn               (no ring)

@: inhibited regen
A: claws 1, cold resistance 1, negative energy resistance 3, inhibited
regeneration, torment resistance 2, devour on kill
a: no special abilities


You were on level 2 of the Dungeon.
You visited 1 branch of the dungeon, and saw 4 of its levels.

You collected 128 gold pieces.

Inventory:

Missiles
 d - 25 stones (quivered)
 f - 4 boomerangs
Armour
 a - a +0 robe (worn)
Scrolls
 c - a scroll of summoning {unknown}
 e - a scroll of immolation {unknown}
 g - a scroll of amnesia {unknown}
 i - 2 scrolls of identify {unknown}
 j - 4 scrolls of vulnerability {unknown}
Potions
 b - a potion of ambrosia
 h - a potion of curing {unknown}
 k - a potion of attraction {unknown}


   Skills:
 - Level 3.2 Fighting
 - Level 2.6 Dodging
 - Level 2.1 Stealth
 + Level 5.9 Unarmed Combat


You had 3 spell levels left.
You didn't know any spells.
Your spell library was empty.

Dungeon Overview and Level Annotations

Branches:
Dungeon (4/15)
 Temple: D:4-7

Altars:
Ashenzari

Annotations:
D:2 Natasha


Innate Abilities, Weirdness & Mutations

You are immune to poison.
You have sharp fingernails.
Your flesh is cold resistant. (rC+)
You are immune to negative energy. (rN+++)
You do not regenerate when monsters are visible.
You are immune to unholy pain and torment.
You thrive by killing the living.


Message History

Natasha and a rat come into view.
Natasha is carrying a wand of polymorph (14).
Natasha hisses angrily.
Natasha zaps a wand.
You resist with some effort.
Found 15 gold pieces.
Natasha zaps a wand.
You resist with some effort. The rat barely misses you.
You completely miss Natasha. Natasha claws you!
You scratch Natasha.
Natasha is lightly wounded.
The rat closely misses you. Natasha claws you!
You scratch Natasha.
Natasha is moderately wounded.
The rat bites you. Natasha barely misses you.
You scratch Natasha but do no damage.
Natasha is moderately wounded.
The rat barely misses you. Natasha claws you but does no damage.
You barely miss Natasha.
Natasha is moderately wounded.
The rat bites you.
You scratch Natasha.
Natasha is heavily wounded.
Natasha zaps a wand.
You resist with some effort. The rat closely misses you.
You closely miss Natasha.
Natasha is heavily wounded.
Natasha closely misses you. The rat bites you.
You scratch Natasha but do no damage.
Natasha is heavily wounded.
Natasha extends her claws.
Natasha casts a spell at you. You resist with some effort. The rat bites you.
You scratch Natasha.
Natasha is almost dead.
Natasha claws you!
* * * LOW HITPOINT WARNING * * *
The rat bites you.
* * * LOW HITPOINT WARNING * * *
You barely miss Natasha.
Natasha is almost dead.
Natasha claws you!
You die...

........#..###.####
........#.##......#
........#.##......#
........#.##......#
.....)..#.##......#
..........##......#
.........#######.##
####....########.#######
#....#####......@......#
..##### #.....rh......#
.......................#
##########...$.........#
#.............#
#.............#
###############


You could see Natasha and a rat.

Vanquished Creatures
  An orc priest (D:4)
  2 adders (D:2)
  2 dart slugs (D:1)
  2 orcs (D:4)
  3 endoplasms
  2 giant cockroaches
  5 goblins
  3 hobgoblins
  11 jackals
  2 quokkas (D:1)
  2 ball pythons (D:1)
  3 bats (D:1)
  A frilled lizard (D:2)
  3 kobolds (D:1)
  3 rats
45 creatures vanquished.

Notes
Turn   | Place    | Note
-------+----------+-------------------------------------------
     0 | D:1      | cheesebisquit the Ghoul Monk began the quest for the Orb.
     0 | D:1      | Reached XP level 1. HP: 19/19 MP: 0/0
   160 | D:1      | Reached XP level 2. HP: 26/26 MP: 1/1
   166 | D:1      | Reached skill level 4 in Unarmed Combat
   188 | D:1      | Found a faded altar of an unknown god.
   450 | D:1      | Reached XP level 3. HP: 31/31 MP: 2/2
  1078 | D:2      | You fall into a shaft and drop 2 floors!
  1148 | D:4      | Found a broken altar of Ashenzari.
  1185 | D:4      | Reached skill level 5 in Unarmed Combat
  1185 | D:4      | Reached XP level 4. HP: 9/38 MP: 3/3
  1759 | D:2      | Noticed Natasha
  1772 | D:2      | Slain by Natasha

Illustrated notes

Levels and vault maps discovered:
D:1:      spicycebolla_arrival_transporter_tutorial, layout_loops_ring,
          hellmonk_ecumenical_altar_dog_temple, hangedman_glass_teeth
D:2:      layout_basic, uniq_natasha
D:3:      layout_basic, grunt_dithmenos_smoke_and_mirrors,
          nicolae_wu_jian_glorious_leap, lemuel_flame_loot_1
D:4:      layout_basic, fedhas_ov_isle_minmay, ashenzari_altar_1,
          minmay_temple_entry_mini_moons

Skill      XL: |  1  2  3 |
---------------+----------+-----
Unarmed Combat | 4 5 |  5.9
Fighting       | |  3.2
Dodging        | |  2.6
Stealth        | |  2.1

Action                   |  1- 3 |  4- 6 || total
-------------------------+-------+-------++-------
Melee: Unarmed           |    84 |    45 ||   129
       Punch             |       |     1 ||     1
 Stab: Sleeping          |     4 |     2 ||     6
Armor: Robe              |     9 |     4 ||    13
Dodge: Dodged            |    43 |    21 ||    64
